 Dungeon Crawl Stone Soup version 0.31.0-32-g396128a36d (webtiles) character file.

Game seed: 3042365429935189871

461 tizbic2 the Shooter (level 7, -4/53 HPs)
             Began as a Formicid Hunter on Mar 19, 2024.
             Slain by an iguana (5 damage)
             ... on level 4 of the Dungeon.
             The game lasted 00:12:56 (3179 turns).

tizbic2 the Shooter (Formicid Hunter)               Turns: 3179, Time: 00:12:57

Health: -4/53      AC:  7    Str: 18    XL:     7   Next: 28%
Magic:  9/9        EV: 10    Int: 11    God:
Gold:   162        SH:  0    Dex: 17    Spells: 6/6 levels left

rFire   + + .        a - +6 mace of Prescription {flame, rF+ Int+3}
rCold   + . .        (no shield)
rNeg    . . .        q - +0 scale mail
rPois   .            (helmet unavailable)
rElec   .            m - scarf {rC+ rF+}
rCorr   +            (no gloves)
SInv    +            (no boots)
Will    .....        (no amulet)
Stlth   +            e - ring of flight
HPRegen 0.28/turn    t - ring of resist corrosion
MPRegen 0.11/turn

%: no passive effects
@: flying
A: permanent stasis, dig shafts and tunnels, antennae 3, four strong arms
a: Dig, Shaft Self


You were on level 4 of the Dungeon.
You visited 1 branch of the dungeon, and saw 5 of its levels.

You collected 162 gold pieces.

Inventory:

Hand Weapons
 a - the +6 mace of Prescription (weapon) {flame, rF+ Int+3}
   (You found it on level 2 of the Dungeon)

   Int+3:     It affects your intelligence (+3).
   rF+:       It protects you from fire.
 f - a +1 dagger of venom
 k - a +2 dagger of draining
 w - a +1 shortbow
 A - a +0 giant spiked club
Armour
 m - a scarf of resistance (worn)
 q - a +0 scale mail (worn)
 C - a +0 ring mail
Jewellery
 e - a ring of flight (left hand)
 g - a ring of poison resistance
 r - a +6 ring of intelligence
 t - a ring of resist corrosion (right hand)
Wands
 d - a wand of polymorph (7)
 u - a wand of roots (13)
 y - a wand of flame (12)
Scrolls
 b - a scroll of butterflies
 h - a scroll of enchant armour {unknown}
 i - a scroll of amnesia {unknown}
 j - a scroll of vulnerability {unknown}
 n - a scroll of blinking {unknown}
 p - a scroll of summoning {unknown}
 s - 3 scrolls of fog
Potions
 c - 4 potions of curing
 l - a potion of enlightenment {unknown}
 o - 3 potions of mutation {unknown}
 v - a potion of ambrosia {unknown}
 x - a potion of might {unknown}
 z - a potion of attraction
 B - a potion of brilliance {unknown}
 D - a potion of resistance {unknown}


   Skills:
 + Level 3.6 Fighting
 * Level 5.5 Ranged Weapons
 * Level 3.8 Armour
 - Level 1.7 Dodging
 - Level 1.2 Stealth
 + Level 3.3 Shields
 + Level 2.7 Invocations


You had 6 spell levels left.
You didn't know any spells.
Your spell library contained the following spells:

 Spells                   Type           Power      Damage    Failure   Level
 Lesser Beckoning         Tloc           0%         N/A       86%         2
 Momentum Strike          Conj/Tloc      0%         3d8       86%         2
 Tukima's Dance           Hex            0%         N/A       97%         3
 Dimensional Bullseye     Hex/Tloc       0%         N/A       100%        4
 Iskenderun's Mystic Bla  Conj/Tloc      0%         2d3       100%        4
 Blink                    Tloc           Unusable   N/A       N/A         2

Dungeon Overview and Level Annotations

Branches:
Dungeon (5/15)
 Temple: D:4-7

Altars:

Shops:
D:5 (

Annotations:
D:3 1 runed translucent door, Crazy Yiuf


Innate Abilities, Weirdness & Mutations

You cannot be hasted, slowed, berserked, paralysed or teleported.
You can dig through walls and to a lower floor.
You have a pair of large antennae on your head. (SInv)
Your four strong arms can wield two-handed weapons with a shield.


Message History

You shoot an arrow. The arrow hits the orc.
The orc is moderately wounded.
The orc closely misses you. The orc hits you but does no damage.
You shoot an arrow. The arrow hits the orc.
The orc is heavily wounded.
The orc hits you with a +0 short sword.
You shoot an arrow. The arrow hits the orc.
The orc is almost dead.
The orc hits you with a +0 short sword.
You shoot an arrow. The arrow hits the orc.
You kill the orc!
You start resting.
HP restored.
Items here: ) [ ††.
There is a stone staircase leading down here.
You feel clever.
The +6 mace of Prescription {flame, rF+ Int+3} bursts into flame!
a - the +6 mace of Prescription (weapon)
{flame, rF+ Int+3} You fly downwards.
The iguana bites you. The orc hits you but does no damage.
There is a stone staircase leading up here.
You hit the orc. You burn the orc.
The orc is heavily wounded.
The orc hits you with a +0 flail. The iguana bites you!
You hit the iguana. You burn the iguana.
The iguana is moderately wounded.
The iguana bites you! The orc misses you. The iguana bites you!
The iguana bites you!
* * * LOW HITPOINT WARNING * * *
The orc barely misses you.
The orc wizard hits you with a +0 dagger.
* * * LOW HITPOINT WARNING * * *
You fly upwards.
There is a stone staircase leading down here.
You completely miss the orc.
The orc is moderately wounded.
The orc wizard hits you but does no damage.
The orc hits you with a +0 flail!
* * * LOW HITPOINT WARNING * * *
The iguana bites you.
You die...

#.......# #.#### #..#.##.#
###....## ##.##.#.# #........
##### #.#.##.# #.#....## #
#...#######.##.#.# #.#....## #
#.........#......####.#......
#####.....>...##.....).........##
......).......##ol#######.#....#.
..............##@.# #........#.
..............##o.# #.......##.
..............##..# #.......#..
..............##..# #.......#..
......##########..#####.......#..
...............#..#...........#..
.####.########.#..#.###....÷..#..
.#..#.# #.#..#.###.......#..
.#..#.# #.#..........#.###..


You could see an iguana, an orc wizard and an orc.

Vanquished Creatures
  An ogre (D:4)
  A phantom (D:4)
  A bombardier beetle (D:4)
  Ijyb (D:3)
  Jessica (D:3)
  Terence (D:3)
  An iguana (D:4)
  Robin (D:3)
  6 adders
  3 dart slugs (D:2)
  A ribbon worm (D:2)
  6 orcs
  6 endoplasms
  2 giant cockroaches
  17 goblins
  8 hobgoblins
  4 jackals (D:1)
  5 quokkas
  8 ball pythons
  3 bats
  4 frilled lizards
  4 kobolds
  3 rats (D:1)
88 creatures vanquished.

Notes
Turn   | Place    | Note
-------+----------+-------------------------------------------
     0 | D:1      | tizbic2 the Formicid Hunter began the quest for the Orb.
     0 | D:1      | Reached XP level 1. HP: 16/16 MP: 1/1
   127 | D:1      | Reached XP level 2. HP: 22/22 MP: 2/2
   184 | D:1      | Reached skill level 1 in Armour
   344 | D:1      | Reached skill level 1 in Shields
   536 | D:2      | Reached XP level 3. HP: 28/28 MP: 3/3
   566 | D:2      | Found a faded altar of an unknown god.
   742 | D:2      | Reached XP level 4. HP: 34/34 MP: 4/4
   754 | D:2      | Reached skill level 1 in Invocations
   959 | D:2      | Identified the +6 mace of Prescription {flame, rF+ Int+3}
  1269 | D:3      | Noticed Terence
  1277 | D:3      | Killed Terence
  1382 | D:3      | Reached XP level 5. HP: 40/40 MP: 5/5
  1409 | D:3      | Noticed Robin
  1614 | D:3      | Found a runed translucent door.
  1615 | D:3      | Noticed Crazy Yiuf
  1655 | D:3      | Noticed Ijyb
  1664 | D:3      | Killed Ijyb
  1742 | D:3      | Killed Robin
  1789 | D:3      | Reached XP level 6. HP: 46/46 MP: 7/7
  2015 | D:3      | Noticed Jessica
  2018 | D:3      | Killed Jessica
  2019 | D:3      | Reached skill level 5 in Ranged Weapons
  2133 | D:4      | Noticed an ogre
  2142 | D:4      | Killed an ogre
  2484 | D:4      | Reached XP level 7. HP: 46/52 MP: 8/8
  3104 | D:5      | Entered Level 5 of the Dungeon
  3104 | D:5      | Found Seompim's Weapon Shop.
  3179 | D:4      | HP: 1/53 [orc/+0 flail (8)]
  3179 | D:4      | Slain by an iguana

Illustrated notes

Levels and vault maps discovered:
D:1:      minmay_arrival_four_houses, layout_rooms
D:2:      layout_loops_ring, chequers_ecumenical_altar_island
D:3:      layout_basic, uniq_terence, uniq_crazy_yiuf_cottage, uniq_robin,
          uniq_jessica, uniq_ijyb
D:4:      layout_basic, minmay_misc_feat_tiny
D:5:      layout_rooms, minmay_temple_entry_glassed_door, serial_shops, shop

Skill      XL: |  1  2  3  4  5  6 |
---------------+-------------------+-----
Armour         | 1 2 3 |  3.8
Shields        | 1 2 3 |  3.3
Invocations    | 1 2 |  2.7
Fighting       | 3 |  3.6
Ranged Weapons | 5 |  5.5
Dodging        | |  1.7
Stealth        | |  1.2

Action                     |  1- 3 |  4- 6 |  7- 9 || total
---------------------------+-------+-------+-------++-------
  Melee: Mace              |       |    92 |    17 ||   109
         Giant spiked club |       |     7 |       ||     7
         Dagger            |       |     6 |       ||     6
   Fire: Shortbow          |    86 |    36 |    42 ||   164
Ability: Dig               |       |     1 |       ||     1
    Use: Potion            |       |     3 |       ||     3
         Scroll            |       |       |     2 ||     2
 Armour: Leather armour    |     1 |       |       ||     1
         Ring mail         |    28 |    18 |       ||    46
         Scale mail        |       |    67 |    46 ||   113
  Dodge: Dodged            |    24 |    77 |    26 ||   127
